Unix NetHack Version 5.0.0-0 post-release - last build May  4 2026 22:22:43 (774f63e81ad911689b3a0859ea89b322d5daca8d,branch:main).

Game began 2026-05-07 19:31:53, ended 2026-05-07 20:04:37.

ArrBianca, chaotic female orcish Rogue

                     --
                   ---.-
                   -....-
                    .....--------
                     -....).....-
                     | ..........
                    --. 0.......-
                    |..........--
                   -#.....##%...---
                   -    -  --..^0.-----
                            |.)...)|..--
                            --.....@.>.|
                             --..---..--
                              ---- ---..
                                       --

ArrBianca the Cutpurse  St:15 Dx:18 Co:16 In:10 Wi:9 Ch:9  Chaotic
Dlvl:5  $:25 HP:0(43) Pw:13(13) AC:5  Xp:5 T:1690  Blind

Latest messages:
 E - a crossbow (weapon in right hand).
 a - a +0 orcish short sword (weapon in right hand).
 E - a crossbow (alternate weapon; not wielded).
 O - a pick-axe.
 You climb up the stairs.
 What do you want to zap? [u or ?*]
 In what direction?
 The bolt of fire hits the yellow light.
 The gnome picks up a hooded cloak.
 The yellow light explodes!
 You are blinded by a blast of light!
 You can't go up here.
 You descend the stairs.
 You climb up the stairs.
 You try to feel what is lying here on the floor.
 B - a dagger.
 Wait!  There's something there you can't see!
 It hits!
 You hit it.
 Your hands stop tingling.
 You kill it!
 You try to feel what is lying here on the floor.
 Wait!  There's something there you can't see!
 Something squeals!
 You feel hemmed in.
 It bites!
 You avoid harm.
 You hit it.
 It bites!
 It bites!
 It misses!
 It bites!
 It hits!
 You kill it!
 It bites!
 It bites!
 It misses!
 You kill it!
 It bites!
 It bites!
 It bites!
 You try to feel what is lying here on the floor.
 You feel here a gnome corpse.
 It bites!
 You die...
 Do you want your possessions identified? [ynq] (y)
 Do you want to see your attributes? [ynq] (y)
 Do you want an account of creatures vanquished? [ynaq] (y)
 Do you want to see your conduct and achievements? [ynq] (y)
 Do you want to see the dungeon overview? [ynq] (y)

Inventory:
 Coins    ('$')
  $ - 25 gold pieces
 Weapons  (')')
  D - 2 +0 crossbow bolts (in quiver pouch)
  E - a +0 crossbow (alternate weapon; not wielded)
  B - a +0 dagger
  a - a +0 orcish short sword (weapon in right hand)
 Armor    ('[')
  p - an uncursed +0 orcish helm
  F - an uncursed +0 pair of iron shoes (being worn)
  H - an uncursed +0 dwarvish cloak (being worn)
  c - an uncursed +1 leather armor (being worn)
 Comestibles  ('%')
  h - a cursed cram ration
  g - 3 uncursed food rations
  y - an uncursed tripe ration
  k - 2 uncursed eggs
  r - an uncursed lichen corpse
 Spellbooks  ('+')
  m - an uncursed spellbook of detect food
 Potions  ('!')
  n - 2 uncursed potions of healing
  d - an uncursed potion of sickness
  z - 2 uncursed potions of water
 Wands    ('/')
  u - a wand of fire (0:7)
 Tools    ('(')
  f - an uncursed sack containing 4 items
  K - an empty uncursed sack
  e - an uncursed lock pick
  O - a +0 pick-axe
  j - a cursed tallow candle

Contents of the sack:
  an uncursed worthless piece of violet glass
  2 uncursed worthless pieces of white glass
  an uncursed worthless piece of yellow glass
  an uncursed worthless piece of yellowish brown glass

ArrBianca the Rogue's attributes:

Background:
 You were a Cutpurse, a level 5 female orcish Rogue.
 You were chaotic, on a mission for Kos
 who was opposed by Issek (lawful) and Mog (neutral).
 You were right-handed.
 You were in the Gnomish Mines, on level 5.
 You entered the dungeon 1690 turns ago.
 You had 214 experience points, 106 more were needed to attain level 6.

Basics:
 You had 0 out of 43 hit points.
 You had all 13 energy points (spell power).
 Your armor class was 5.
 Your wallet contained 25 zorkmids.
 Autopickup was off.

Final Characteristics:
 Your strength was 15 (limit:18/50).
 Your dexterity was 18 (limit:18).
 Your constitution was 16 (limit:18).
 Your intelligence was 10 (limit:16).
 Your wisdom was 9 (limit:16).
 Your charisma was 9 (limit:16).

Final Status:
 You were temporarily blind.
 You weren't hungry.
 You were unencumbered.
 You were wielding a short sword.
 You had basic skill with short sword.

Final Attributes:
 You were devoutly aligned.
 Your items were somewhat protected from fire.
 Your items were somewhat protected from cold.
 You were poison resistant.
 You had infravision.
 You were stealthy.
 You were warded.
 You are dead.

Miscellaneous:
 You didn't encounter any bones levels.
 Total elapsed playing time was 32 minutes and 42 seconds.

Major events:
 Turn
    1: ArrBianca the chaotic female orcish Rogue entered the dungeon
  791: entered the Gnomish Mines
  833: attained the rank of Cutpurse (level 3)
 1203: reached Mine Town
 1690: killed by a rabid rat

Spells:
 Name                 Level Category     Fail Retention
 detect food            2   divination   100%  76%-100%

Skills:
 Fighting Skills
   bare handed combat [Unskilled]
   two weapon combat  [Unskilled]
   riding             [Unskilled]
 Weapon Skills
   dagger             [Basic]
   knife              [Unskilled]
   short sword        [Basic]
   broadsword         [Unskilled]
   long sword         [Unskilled]
   two-handed sword   [Unskilled]
   saber              [Unskilled]
   club               [Unskilled]
   mace               [Unskilled]
   morning star       [Unskilled]
   flail              [Unskilled]
   hammer             [Unskilled]
   polearms           [Unskilled]
   spear              [Unskilled]
   crossbow           [Unskilled]
   dart               [Unskilled]
   shuriken           [Unskilled]
 Spellcasting Skills
   divination spells  [Unskilled]
   escape spells      [Unskilled]
   matter spells      [Unskilled]

Voluntary challenges:
 Character rerolling was not enabled.
 You never genocided any monsters.
 You never polymorphed an object.
 You used no wishes.
Achievements:
 You entered a shop.
 You entered the Gnomish Mines.
 You attained the rank of Cutpurse.
 You entered Minetown.

 The Dungeons of Doom: levels 1 to 3
    Level 1:
       A sink.
    Level 2:
       A general store.
    Level 3:
       A fountain.
       Stairs down to The Gnomish Mines.
 The Gnomish Mines: levels 4 to 6
    Level 4:
    Level 5: <- You were here.
       Final resting place for
          you, killed by a rabid rat.
    Level 6:
       A tool shop, some fountains.


Vanquished creatures:
  2 yellow lights
  2 gnome leaders
  a gnomish wizard
  a kitten
  4 dwarves
  2 wererats
 an acid blob
 14 gnomes
  a gnome zombie
  2 jackals
  a goblin
  2 sewer rats
  2 grid bugs
  4 lichens
  2 newts
41 creatures vanquished.

No species were genocided or became extinct.

Game over:
                       ----------
                      /          \
                     /    REST    \
                    /      IN      \
                   /     PEACE      \
                  /                  \
                  |    ArrBianca     |
                  |      25 Au       |
                  |   killed by a    |
                  |    rabid rat     |
                  |                  |
                  |                  |
                  |       2026       |
                 *|     *  *  *      | *
        _________)/\\_//(\/(/\)/\//\/|_)_______

Goodbye ArrBianca the Rogue...

You died in The Gnomish Mines on dungeon level 5 with 1149 points,
and 25 pieces of gold, after 1690 moves.
You were level 5 with a maximum of 43 hit points when you died.

